 Dungeon Crawl Stone Soup version 0.28-a0-631-g0446da8ef9 (webtiles) character file.

Game seed: 17199987671597604845

60 timneilson the Covered (level 3, -3/33 HPs)
             Began as a Deep Dwarf Fighter on Oct 9, 2021.
             Slain by an ogre (10 damage)
             ... on level 6 of the Dungeon.
             The game lasted 00:03:25 (1364 turns).

timneilson the Covered (Deep Dwarf Fighter)         Turns: 1364, Time: 00:03:25

Health: -3/33      AC:  7    Str: 20    XL:     3   Next: 82%
Magic:  3/3        EV: 10    Int:  8    God:
Gold:   138        SH:  5    Dex: 18    Spells: 2/2 levels left

rFire   . . .      SeeInvis .   a - +0 long sword (vamp)
rCold   . . .      Faith    .   c - +0 buckler
rNeg    . . .      Spirit   .   b - +0 scale mail
rPois   .          Reflect  .   (no helmet)
rElec   .          Harm     .   (no cloak)
rCorr   .          Rampage  .   (no gloves)
Will    .....                   (no boots)
Stlth   ..........              (no amulet)
HPRegen 0.00/turn               f - +6 ring of dexterity
MPRegen 0.08/turn               (no ring)

@: mighty
A: damage resistance, heal wounds, sense surroundings 1, no regeneration
a: Heal Wounds


You were on level 6 of the Dungeon.
You visited 1 branch of the dungeon, and saw 4 of its levels.

You collected 138 gold pieces.

Inventory:

Hand Weapons
 a - a +0 vampiric long sword (weapon)
Armour
 b - a +0 scale mail (worn)
 c - a +0 buckler (worn)
Jewellery
 f - a +6 ring of dexterity (left hand)
Scrolls
 e - a scroll of amnesia
 g - 3 scrolls of identify
Potions
 i - a potion of mutation


   Skills:
 + Level 2.9 Fighting
 * Level 2.7 Long Blades
 * Level 4.0 Armour
 + Level 1.0 Dodging
 * Level 3.8 Shields


You had 2 spell levels left.
You didn't know any spells.
Your spell library was empty.

Dungeon Overview and Level Annotations

Branches:
Dungeon (3/15)

Altars:
Gozag
Vehumet

Shops:
D:1 *!!**


Innate Abilities, Weirdness & Mutations

You are resistant to damage.
You can heal yourself by infusing magical energy.
You passively map a small area around you.
You do not regenerate.


Message History

Found a stone staircase leading down.
You see here a +0 flail.
You now have enough gold to buy 2 potions of heal wounds on D:1, or buy a potion of resistance on D:1.
You can access your shopping list by pressing '$'.
You now have 138 gold pieces (gained 22).
Found 16 sling bullets.
An ogre comes into view. It is wielding a +0 giant club.
The ogre shouts!
A bullfrog skeleton comes into view.
The bullfrog skeleton hits you.
You feel much better. The bullfrog skeleton hits you.
You block the bullfrog skeleton's attack.
There is an open door here.
You hear the slow rusting of a distant drain.
You hit the bullfrog skeleton.
The bullfrog skeleton is moderately damaged.
The bullfrog skeleton hits you but does no damage.
The bullfrog skeleton hits you.
You hit the bullfrog skeleton.
The bullfrog skeleton is moderately damaged.
The bullfrog skeleton closely misses you. x2
You slash the bullfrog skeleton!
The bullfrog skeleton is severely damaged.
The bullfrog skeleton hits you.
You slash the bullfrog skeleton!
The bullfrog skeleton is almost destroyed.
The bullfrog skeleton hits you but does no damage.
You barely miss the ogre.
The ogre hits you with a +0 giant club!!
Ouch! That really hurt!
* * * LOW HITPOINT WARNING * * *
You feel very mighty all of a sudden.
You barely miss the ogre. The ogre misses you.
You slash the ogre!
You feel better.
The ogre is heavily wounded.
You block the ogre's attack.
Your scale mail prevents you from hitting the ogre.
The ogre is heavily wounded.
The ogre hits you with a +0 giant club!
You die...

* ≈≈≈≈≈≈≈>#
#....≈#.#
#....≈#.# , ###..≈
#.# * #.....,#.# *
######.######.# ,
> #.............#
, #.####.########
#########+####@#
#............#O# *
#............#Z#
###............'.#
.....>.....O)..###
##.............#
##.....#########
≈≈≈....# .......#*


You could see an ogre and a bullfrog skeleton.

Vanquished Creatures
  2 adders (D:2)
  3 dart slugs
  4 ball pythons
  3 bats
  6 endoplasms
  3 giant cockroaches
  2 goblins (D:1)
  2 hobgoblins
  3 kobolds
  A quokka (D:2)
  A frilled lizard (D:2)
  4 rats
34 creatures vanquished.

Notes
Turn   | Place    | Note
-------+----------+-------------------------------------------
     0 | D:1      | timneilson the Deep Dwarf Fighter began the quest for the
                  | Orb.
     0 | D:1      | Reached XP level 1. HP: 20/20 MP: 1/1
    28 | D:1      | Found a faded altar of an unknown god.
    52 | D:1      | Found Ludufi Dopri's Assorted Antiques.
    81 | D:1      | Found Zetoinyad's General Store.
   141 | D:1      | Found Posim's Assorted Antiques.
   173 | D:1      | Reached XP level 2. HP: 25/27 MP: 2/2
   480 | D:1      | Found Tapygoad's Distillery.
   485 | D:1      | Found Hocwy's Distillery.
   828 | D:2      | Reached XP level 3. HP: 19/33 MP: 3/3
   942 | D:2      | Reached skill level 1 in Dodging
  1271 | D:3      | Found an opulent altar of Gozag.
  1283 | D:3      | Reached skill level 4 in Armour
  1289 | D:3      | Found a radiant altar of Vehumet.
  1303 | D:3      | You fall into a shaft and drop 3 floors!
  1339 | D:6      | Noticed an ogre
  1364 | D:6      | Slain by an ogre

Illustrated notes

Levels and vault maps discovered:
D:1:      psy_arrival_radial01, layout_loops_ring, serial_shops, shop_statue,
          nicolae_shop_temple_entry_statues_fountains, nicolae_diamond_shop,
          nicolae_shop_stone, shop, hellmonk_ecumenical_altar_run_dry
D:2:      layout_rooms, minmay_indecisive_spiral
D:3:      layout_basic, nicolae_vehumet_radiance, mainiacjoe_overflow_chevrons
D:6:      layout_basic, serial_rivers, chequers_serial_rivers_small_3,
          chequers_serial_rivers_small_a, chequers_serial_rivers_micro_e,
          chequers_serial_rivers_small_3, gup_sewer_entry_spiral,
          minmay_misc_feat_x, uniq_eustachio

Skill      XL: |  1  2  3 |
---------------+----------+-----
Dodging        | 1 |  1.0
Armour         | 4 |  4.0
Fighting       | |  2.9
Long Blades    | |  2.7
Shields        | |  3.8

Action                   || total
-------------------------++-------
Melee: Long sword        ||   110
 Abil: Heal Wounds       ||     1
  Use: Scroll            ||     4
       Potion            ||     1
Armor: Scale mail        ||    37
Dodge: Dodged            ||    44
Block: Buckler           ||    31

Table legend: (Time is in decaauts)
 A = Elapsed time spent in this place.
 B = Non-inter-level travel time spent in this place.
 C = Inter-level travel time spent in this place.
 D = Time resting spent in this place.
 E = Time spent auto-exploring this place.
 F = Levels seen in this place.
 G = Mean time per level.
                   A        B        C        D        E       F      G
               +--------+--------+--------+--------+--------+-----+--------+
         Total |   1394 |   1340 |     54 |      0 |    973 |   4 |  348.5 |
       Dungeon |   1394 |   1340 |     54 |      0 |    973 |   4 |  348.5 |
               +--------+--------+--------+--------+--------+-----+--------+

Top non-repeatable levels by time:
     D:1: 683 daAuts
     D:2: 582 daAuts
     D:3: 65 daAuts
     D:6: 62 daAuts
